 Dungeon Crawl Stone Soup version 0.30-a0-989-g0d87f670db (webtiles) character file.

Game seed: 12349948272405919387

228 Jase the Shield-Bearer (level 6, 0/47 HPs)
             Began as a Formicid Fighter on Apr 3, 2023.
             Succumbed to a killer bee's poison
             ... on level 4 of the Dungeon.
             The game lasted 00:05:20 (2717 turns).

Jase the Shield-Bearer (Formicid Fighter)           Turns: 2717, Time: 00:05:21

Health: 0/47       AC: 12    Str: 22 (23) XL:     6   Next: 22%
Magic:  6/6        EV:  6    Int:  6 (7)  God:
Gold:   175        SH:  7    Dex: 24 (25) Spells: 5/5 levels left

rFire   . . .      SeeInvis +    a - +0 war axe
rCold   . . .      Faith    .    c - +0 buckler
rNeg    . . .      Spirit   .    f - +0 plate armour
rPois   .          Reflect  .    (helmet unavailable)
rElec   .          Rampage  .    (no cloak)
rCorr   .                        (no gloves)
Will    .....                    b - +0 pair of boots Stlth
                                 (no amulet)
HPRegen 0.27/turn                h - +6 ring of dexterity
MPRegen 0.10/turn                l - +6 ring of dexterity

@: lethally poisoned (0 -> -15), flying
A: permanent stasis, dig shafts and tunnels, antennae 3, four strong arms
a: Dig, Shaft Self


You were on level 4 of the Dungeon.
You visited 1 branch of the dungeon, and saw 4 of its levels.

You collected 175 gold pieces.

Inventory:

Hand Weapons
 a - a +0 war axe (weapon)
Missiles
 u - 16 stones
 w - 5 atropa-tipped darts
Armour
 b - a +0 pair of boots (worn)
 c - a +0 buckler (worn)
 f - a +0 plate armour (worn)
Jewellery
 h - a +6 ring of dexterity (left hand)
 k - an amulet of faith
 l - a +6 ring of dexterity (right hand)
Wands
 v - a wand of iceblast (4)
Scrolls
 e - a scroll of amnesia {unknown}
 i - 3 scrolls of identify {unknown}
 m - a scroll of poison {unknown}
 n - a scroll of silence {unknown}
 o - a scroll of fog {unknown}
 t - a scroll of fear
 x - a scroll of magic mapping {unknown}
 y - a scroll of blinking {unknown}
Potions
 d - 2 potions of might
 p - a potion of brilliance {unknown}
 q - a potion of flight
 r - a potion of heal wounds
 s - a potion of lignification {unknown}


   Skills:
 - Level 3.2 Fighting
 * Level 5.1 Axes
 - Level 3.2 Armour
 + Level 5.9 Shields


You had 5 spell levels left.
You didn't know any spells.
Your spell library was empty.

Dungeon Overview and Level Annotations

Branches:
Dungeon (4/15)
 Temple: D:4-7

Altars:
Cheibriados
Makhleb
Zin


Innate Abilities, Weirdness & Mutations

You cannot be hasted, slowed, berserked, paralysed or teleported.
You can dig through walls and to a lower floor.
You have a pair of large antennae on your head. (SInv)
Your four strong arms can wield two-handed weapons with a shield.


Message History

You slash the orc!
You kill the orc!
You feel sick. You block the killer bee's attack.
You hit the killer bee.
The killer bee is heavily wounded.
You feel sick.
You are no longer poisoned.
The killer bee stings you but does no damage.
You block the killer bee's attack.
The kobold nearly stumbles in trying to escape.
The killer bee stings you.
You miss the killer bee.
The killer bee is heavily wounded.
The killer bee stings you but does no damage. x2
You block the killer bee's attack.
You hit the killer bee.
The killer bee is heavily wounded.
The killer bee stings you.
The killer bee stings you but does no damage.
You miss the killer bee.
The killer bee is heavily wounded.
The killer bee seems to regain its courage.
The killer bee stings you.
* * * LOW HITPOINT WARNING * * *
The killer bee stings you.
* * * LOW HITPOINT WARNING * * *
You are lethally poisoned!
The killer bee poisons you! You block the killer bee's attack.
It was a potion of magic.
Magic courses through your body.
* * * LOW HITPOINT WARNING * * *
You feel sick.
The killer bee stings you but does no damage.
The killer bee stings you.
* * * LOW HITPOINT WARNING * * *
You are more poisoned.
The killer bee poisons you!
It was a potion of degeneration.
There was something very wrong with that liquid.
You feel weakened.
You feel dopey.
You feel clumsy.
You die...

###### ###.... #....#
....... #....# .......
#....# ...... #....#
#.... #....# ...{ #....#
####.#)###########....###
......yy@................
####.#.##################
#. #. #. #. #. #.


You could see 2 killer bees.

Vanquished Creatures
  A killer bee (D:4)
  A jelly (D:3)
  6 gnolls
  4 adders
  A dart slug (D:1)
  5 orcs
  4 endoplasms
  A giant cockroach (D:1)
  6 goblins
  2 hobgoblins
  5 jackals
  2 kobolds
  A quokka (D:1)
  6 ball pythons
  5 bats
  3 frilled lizards (D:1)
  6 rats
59 creatures vanquished.

Vanquished Creatures (others)
  7 fungi (D:3)
7 creatures vanquished.

Grand Total: 66 creatures vanquished

Notes
Turn   | Place    | Note
-------+----------+-------------------------------------------
     0 | D:1      | Jase the Formicid Fighter began the quest for the Orb.
     0 | D:1      | Reached XP level 1. HP: 18/18 MP: 1/1
   228 | D:1      | Reached XP level 2. HP: 24/24 MP: 2/2
   552 | D:1      | Reached XP level 3. HP: 29/29 MP: 3/3
   999 | D:2      | Reached XP level 4. HP: 35/35 MP: 4/4
  1377 | D:2      | Reached skill level 5 in Shields
  2067 | D:3      | Reached XP level 5. HP: 35/41 MP: 5/5
  2285 | D:3      | Found a burning altar of Makhleb.
  2298 | D:3      | Found a snail-covered altar of Cheibriados.
  2539 | D:4      | Found a glowing silver altar of Zin.
  2707 | D:4      | Reached skill level 5 in Axes
  2707 | D:4      | Reached XP level 6. HP: 29/47 MP: 6/6
  2717 | D:4      | Succumbed to a killer bee's poison

Illustrated notes

Levels and vault maps discovered:
D:1:      dpeg_arrival_court, layout_loops_ring
D:2:      layout_loops_cross, serial_glass, glass_columns_b, glass_columns_a,
          glass_columns_c, glass_columns_a, glass_columns_c, glass_columns_a,
          chequers_serial_rivers_micro_b, minmay_statues_item, kennysheep_donut,
          minmay_hedge_maze
D:3:      layout_basic, mainiacjoe_overflow_catch_the_wave
D:4:      layout_basic, zin_scriptorium

Skill      XL: |  1  2  3  4  5 |
---------------+----------------+-----
Axes           | 3 4 5 |  5.1
Shields        | 5 |  5.9
Fighting       | |  3.2
Armour         | |  3.2

Action                     |  1- 3 |  4- 6 || total
---------------------------+-------+-------++-------
  Melee: War axe           |    65 |    86 ||   151
Ability: Dig               |       |     1 ||     1
  Evoke: Wand              |       |     1 ||     1
    Use: Potion            |       |     4 ||     4
         Scroll            |       |     1 ||     1
 Armour: Plate armour      |    35 |    65 ||   100
         Scale mail        |     2 |       ||     2
  Dodge: Dodged            |    16 |    28 ||    44
  Block: Buckler           |    16 |    28 ||    44

Table legend: (Time is in decaauts)
 A = Elapsed time spent in this place.
 B = Non-inter-level travel time spent in this place.
 C = Inter-level travel time spent in this place.
 D = Time resting spent in this place.
 E = Time spent auto-exploring this place.
 F = Levels seen in this place.
 G = Mean time per level.
                   A        B        C        D        E       F      G
               +--------+--------+--------+--------+--------+-----+--------+
         Total |   2769 |   2681 |     88 |     69 |   2100 |   4 |  692.2 |
       Dungeon |   2769 |   2681 |     88 |     69 |   2100 |   4 |  692.2 |
               +--------+--------+--------+--------+--------+-----+--------+

Top non-repeatable levels by time:
     D:1: 901 daAuts
     D:2: 867 daAuts
     D:3: 784 daAuts
     D:4: 215 daAuts
